 Dungeon Crawl Stone Soup version 0.20-a0-268-gb6bde61 (webtiles) character file.

117 GlassEater the Cutter (level 5, 0/33 HPs)
             Began as a Kobold Fighter on Dec 7, 2016.
             Killed by divine providence
             ... invoked by an orc priest
              (15 damage)
             ... on level 3 of the Dungeon on Dec 8, 2016.
             The game lasted 00:04:29 (2913 turns).

GlassEater the Cutter (Kobold Fighter)              Turns: 2913, Time: 00:04:29

Health: 0/33       AC:  6    Str: 14    XL:     5   Next: 22%
Magic:  5/5        EV:  8    Int:  9    God:
Gold:   102        SH:  9    Dex: 15    Spells: 4/4 levels left

rFire  . . .     SeeInvis .     a - +0 rapier
rCold  . . .     Gourm    .     b - +0 scale mail
rNeg   . . .     Faith    .     c - +0 shield
rPois  .         Spirit   .     (no helmet)
rElec  .         Reflect  .     (no cloak)
rCorr  .         Harm     .     (no gloves)
MR     .....                    (no boots)
Stlth  ..........               (no amulet)
                                (no ring)
                                (no ring)

@: no status effects
A: carnivore 3
a: no special abilities


You were on level 3 of the Dungeon.
You were completely stuffed.

You visited 1 branch of the dungeon, and saw 4 of its levels.

You collected 102 gold pieces.

Inventory:

Hand Weapons
 a - a +0 rapier (weapon)
Missiles
 g - 30 stones (quivered)
Armour
 b - a +0 scale mail (worn)
 c - a +0 shield (worn)
Wands
 n - a wand of slowing (19/48)
Scrolls
 h - a scroll of teleportation {unknown}
 i - a scroll of identify {unknown}
 j - a scroll of enchant weapon {unknown}
 k - a scroll of blinking {unknown}
 m - a scroll of remove curse {unknown}
Potions
 d - a potion of might
 e - a potion of lignification {unknown}
 l - a potion of ambrosia {unknown}
Comestibles
 f - 2 meat rations
 o - 6 chunks of flesh


   Skills:
 + Level 3.9 Fighting
 + Level 4.2 Short Blades
 + Level 3.1 Armour
 + Level 0.8 Stealth
 + Level 3.0 Shields


You had 4 spell levels left.
You didn't know any spells.

Dungeon Overview and Level Annotations

Branches:
Dungeon (4/15)
 Temple: D:4-7

Altars:
Zin


Innate Abilities, Weirdness & Mutations

You are small and have problems with some larger weapons.
You are carnivorous and can eat meat at any time.


Message History

The orc priest moves out of view.
You block the ogre's attack.
You climb upwards.
There is a stone staircase leading down here.
You see here a stone.
You hit the orc.
The orc is almost dead.
You block the crimson imp's attack. You block the orc's attack.
The crimson imp blinks!
An orc comes into view. It is wielding a club.
The orc shouts!
You hit the orc.
You kill the orc!
You block the ogre's attack.
The orc priest casts a cantrip, but nothing happens.
The crimson imp blinks!
Items here: ( )) ÷ † a club; 2 tomahawks; a dagger; an orc corpse; a jackal skeleton The orc priest calls down the wrath of Beogh upon you.
Beogh smites you!
You die...

######## ##...(..##
##########
.#.....>..##########........#
...$(((§(..>O@...(...)......#
.....5....o#########........#
...........# #....<...#
#......(.(.# #####...##
#.....o....# ###.#
##....(...## ... #....?...#
... #......(..= ...
#..........# >.


You could see an ogre and an orc priest.

Vanquished Creatures
  5 adders
  A worm (D:3)
  2 dart slugs
  4 leopard geckos
  An orc (D:3)
  8 bats
  2 giant cockroaches
  4 goblins (D:1)
  9 hobgoblins
  4 jackals (D:3)
  4 frilled lizards
  8 kobolds
  6 rats
58 creatures vanquished.

Notes
Turn   | Place    | Note
-------+----------+-------------------------------------------
     0 | D:1      | GlassEater the Kobold Fighter began the quest for the Orb.
     0 | D:1      | Reached XP level 1. HP: 14/14 MP: 1/1
   113 | D:1      | Reached XP level 2. HP: 19/19 MP: 2/2
   169 | D:1      | Reached skill level 3 in Short Blades
   594 | D:1      | Reached XP level 3. HP: 20/23 MP: 3/3
  1373 | D:2      | Reached XP level 4. HP: 8/29 MP: 4/4
  2043 | D:2      | Found a glowing silver altar of Zin.
  2044 | D:2      | Noticed an angel
  2734 | D:3      | Reached skill level 4 in Short Blades
  2734 | D:3      | Reached XP level 5. HP: 33/33 MP: 5/5
  2907 | D:4      | Noticed an ogre
  2913 | D:3      | Killed from afar by an orc priest

Vault maps used:
D:1:      elethiomel_arrival_shortcut, bh_walls_and_bars
D:2:      zin_angel, minmay_strange_pillars
D:3:      uniq_terence
D:4:      lemuel_crystal_altar, kennysheep_mini, first_bread,
          nicolae_ru_sacrificial_ziggurat

Skill      XL: |  1  2  3  4  5 |
---------------+----------------+-----
Short Blades   | 3 4 |  4.2
Armour         | 3 |  3.1
Shields        | 3 |  3.0
Fighting       | |  3.9
Stealth        | |  0.8

Action                   |  1- 3 |  4- 6 || total
-------------------------+-------+-------++-------
Melee: Rapier            |   108 |   185 ||   293
Throw: Stone             |       |    31 ||    31
  Eat: Chunk             |    10 |     5 ||    15
Armor: Scale mail        |    51 |    78 ||   129
Dodge: Dodged            |    34 |    65 ||    99
Block: Shield            |    45 |    84 ||   129
